 Dungeon Crawl Stone Soup version 0.17.0-27-g4a3f43e (webtiles) character file.

805 Mazeltov the Chopper (level 7, -2/60 HPs)
             Began as a Hill Orc Fighter on Nov 21, 2015.
             Was a Follower of the Shining One.
             Killed by nerve-wracking pain
             ... invoked by Menkaure
              (12 damage)
             ... on level 5 of the Dungeon.
             The game lasted 00:25:12 (4552 turns).

Mazeltov the Chopper (Hill Orc Fighter)             Turns: 4552, Time: 00:25:14

Health: -2/60      AC:  8    Str: 25    XL:     7   Next: 91%
Magic:  7/7        EV:  9    Int:  8    God:    the Shining One [*.....]
Gold:   218        SH: 11    Dex: 11    Spells: 0 memorised, 6 levels left

rFire  . . .     SeeInvis .     a - +0 war axe
rCold  . . .     Clarity  .     p - +0 scale mail
rNeg   + . .     SustAt   .     c - +1 shield
rPois  .         Gourm    .     (no helmet)
rElec  .         Spirit   .     (no cloak)
rCorr  .         Warding  .     s - +0 pair of gloves
rMut   .         Rnd*Tele +     (no boots)
MR     .....                    (no amulet)
Stlth  ..........               m - ring of teleportation (curse)
                                j - ring of positive energy

@: mighty, glowing, not resistant to hostile enchantments, extremely unstealthy
A: no striking features
a: Renounce Religion, Evoke Teleportation


You were on level 5 of the Dungeon.
You worshipped the Shining One.
The Shining One was aware of your devotion.
You were not hungry.

You visited 1 branch of the dungeon, and saw 5 of its levels.
You also visited: Sewer.

You collected 218 gold pieces.

Inventory:

Hand Weapons
 a - a +0 war axe (weapon)
 k - a +0 dire flail
 o - a +0 war axe
 y - a +0 trident
Missiles
 g - 143 stones (quivered)
 h - 15 bolts
 x - 6 tomahawks
Armour
 b - a +0 scale mail
 c - a +1 shield (worn)
 p - a +0 scale mail (worn)
 s - a +0 pair of gloves (worn)
Jewellery
 j - a ring of positive energy (left hand)
 m - a cursed ring of teleportation (right hand)
 v - an uncursed ring of ice {unknown}
Scrolls
 r - 6 scrolls of identify
 A - a scroll of enchant armour
Potions
 i - a potion of degeneration {unknown}
 l - a potion of magic
 n - 3 potions of brilliance {unknown}
 q - 2 potions of curing {unknown}
 t - a potion of heal wounds {unknown}
 u - a potion of poison {unknown}
 w - a potion of resistance {unknown}
 z - 3 potions of cancellation {unknown}
Comestibles
 e - 2 bread rations
 f - a meat ration


   Skills:
 + Level 4.8 Fighting
 + Level 5.5 Axes
 + Level 2.7 Throwing
 + Level 5.1 Armour
 + Level 2.4 Dodging
 + Level 0.8 Stealth
 + Level 5.3 Shields


You had 6 spell levels left.
You didn't know any spells.

Dungeon Overview and Level Annotations

Branches:
Dungeon (5/15)
 Temple: D:4-7

Altars:
Cheibriados
Yredelemnul
Zin
The Shining One

Annotations:
D:5 Menkaure


Message History

Menkaure hits you.
You hit Menkaure.
Menkaure is severely damaged.
Menkaure hits you!
* * * LOW HITPOINT WARNING * * *
You hit Menkaure.
Menkaure is severely damaged.
You block Menkaure's attack.
Menkaure mumbles some strange words.
Menkaure seems to speed up.
Drink which item? (? for menu, Esc to quit)
You feel very mighty all of a sudden.
Your shield prevents you from hitting Menkaure.
Menkaure is severely damaged.
Menkaure calls on the powers of darkness!
Your body is wracked with pain!
* * * LOW HITPOINT WARNING * * *
Menkaure casts a spell at you. Pain shoots through your body!
You die...

###############
#######.............#
.....)..###########.#
.######## #########.#
.# #.....@M.)# .#
#.######..# .#
....... .# ###..##...
... #..# ... .....
#..# .# ###..# .... #
# ..# .... # .#


You could see Menkaure.

Vanquished Creatures
  Edmund (D:4)
  An ogre (D:5)
  A centaur (D:3)
  The ghost of cireshan the Ducker, an amateur SpWr (D:4)
  A crimson imp (D:5)
  A hound (D:4)
  An orc wizard (D:4)
  A centaur skeleton (D:4)
  3 worker ants (D:4)
  Natasha (thrice) (D:4)
  An iguana (D:4)
  10 adders
  3 oozes
  An adder skeleton (D:4)
  3 worms
  3 giant geckos
  14 orcs
  9 hobgoblins
  A quokka (D:3)
  A ball python (D:4)
  11 bats
  4 giant cockroaches
  2 giant newts
  8 goblins
  10 kobolds
  9 rats
104 creatures vanquished.

Notes
Turn   | Place    | Note
--------------------------------------------------------------
     0 | D:1      | Mazeltov the Hill Orc Fighter began the quest for the Orb.
     0 | D:1      | Reached XP level 1. HP: 19/19 MP: 1/1
     0 | D:1      | Noticed a human skeleton
     0 | D:1      | Noticed an elf skeleton
     4 | D:1      | Noticed a vine stalker skeleton
     4 | D:1      | Noticed a troll skeleton
     6 | D:1      | Noticed a human skeleton
     8 | D:1      | Noticed a merfolk skeleton
    13 | D:1      | Noticed an elf skeleton
    14 | D:1      | Noticed a human skeleton
    15 | D:1      | Noticed a merfolk skeleton
    17 | D:1      | Noticed a troll skeleton
    22 | D:1      | Noticed a draconian skeleton
   265 | D:1      | Reached XP level 2. HP: 27/27 MP: 2/2
   433 | D:1      | Reached skill level 4 in Fighting
   812 | D:2      | Found a faded altar to an unknown god.
   821 | D:2      | Reached XP level 3. HP: 33/33 MP: 3/3
   956 | D:2      | Reached XP level 4. HP: 16/40 MP: 4/4
  1328 | D:2      | Found a glowing silver altar of Zin.
  1447 | D:2      | Found a snail-covered altar of Cheibriados.
  1907 | D:3      | Found a glowing golden altar of the Shining One.
  1909 | D:3      | Noticed an angel
  1914 | D:3      | Became a worshipper of the Shining One
  1924 | D:3      | Found a basalt altar of Yredelemnul.
  1926 | D:3      | Noticed a profane servitor
  2053 | D:3      | Found a glowing drain.
  2058 | Sewer    | Entered a sewer
  2244 | D:3      | Reached skill level 1 in Throwing
  2297 | D:3      | Noticed a centaur
  2306 | D:3      | Reached XP level 5. HP: 35/46 MP: 5/5
  2311 | D:3      | Killed a centaur
  3076 | D:4      | Reached skill level 1 in Dodging
  3076 | D:4      | Reached XP level 6. HP: 48/52 MP: 6/6
  3079 | D:4      | Noticed cireshan's ghost (amateur SpWr)
  3347 | D:4      | Noticed Natasha
  3373 | D:4      | Killed Natasha
  3417 | D:4      | Noticed Natasha
  3421 | D:4      | Killed Natasha
  3421 | D:4      | Reached * piety under the Shining One
  3428 | D:4      | Reached skill level 5 in Shields
  3462 | D:4      | Killed cireshan's ghost
  3462 | D:4      | Reached XP level 7. HP: 60/60 MP: 7/7
  3480 | D:4      | Noticed Natasha
  3498 | D:4      | Killed Natasha
  3538 | D:4      | Noticed Edmund
  3565 | D:4      | Killed Edmund
  3565 | D:4      | Reached skill level 5 in Axes
  4473 | D:5      | Entered Level 5 of the Dungeon
  4473 | D:5      | Noticed Menkaure
  4533 | D:5      | Reached skill level 5 in Armour
  4552 | D:5      | Killed from afar by Menkaure

Action                   |  1- 3 |  4- 6 |  7- 9 || total
-------------------------+-------+-------+-------++-------
Melee: War axe           |    79 |   210 |    67 ||   356
Throw: Stone             |    48 |   103 |    10 ||   161
  Use: Scroll            |     2 |     2 |     3 ||     7
       Potion            |       |       |     3 ||     3
  Eat: Chunk             |       |     4 |     1 ||     5
       Fruit             |       |     5 |     1 ||     6
       Bread ration      |       |       |     1 ||     1
